 Dungeon Crawl Stone Soup version 0.19-a0-277-g85cb9a5 (webtiles) character file.

877 Lugonue the Skirmisher (level 7, -13/50 HPs)
             Began as a High Elf Air Elementalist on May 26, 2016.
             Was an Initiate of Kikubaaqudgha.
             Killed from afar by a gnoll (41 damage)
             ... with an exploding inner flame
             ... hexed by the player character
             ... on level 6 of the Dungeon.
             The game lasted 00:28:08 (5709 turns).

Lugonue the Skirmisher (High Elf Air Elementalist)  Turns: 5709, Time: 00:28:09

Health: -13/50     AC:  4    Str:  9    XL:     7   Next: 75%
Magic:  1/13       EV: 13    Int: 19    God:    Kikubaaqudgha [......]
Gold:   230        SH:  0    Dex: 16    Spells: 4 memorised, 5 levels left

rFire  . . .     SeeInvis .     q - +0 long sword
rCold  . . .     Gourm    .     s - +2 robe "Zugre" {MR++ Stlth+}
rNeg   . . .     Faith    .     (no shield)
rPois  .         Spirit   .     (no helmet)
rElec  .         Dismiss  .     (no cloak)
rCorr  .         Reflect  .     (no gloves)
SustAt .         Harm     .     (no boots)
MR     ++...                    (no amulet)
Stlth  +++.......               (no ring)
                                (no ring)

@: very slightly contaminated, repel missiles, very resistant to hostile
enchantments, fairly stealthy
A: no striking features
a: Renounce Religion


You were on level 6 of the Dungeon.
You worshipped Kikubaaqudgha.
Kikubaaqudgha was noncommittal.
You were not hungry.

You visited 1 branch of the dungeon, and saw 6 of its levels.
You also visited: Sewer.

You collected 230 gold pieces.

Inventory:

Hand Weapons
 d - a +0 dagger
 l - a +1 falchion
 q - a +0 long sword (weapon)
Armour
 s - the +2 robe "Zugre" (worn) {MR++ Stlth+}
   (You found it on level 4 of the Dungeon)

   It affects your resistance to hostile enchantments.
   It makes you more stealthy.
Wands
 a - a wand of confusion (6/48)
Scrolls
 e - a scroll of identify
 i - a scroll of remove curse
 k - a scroll of enchant weapon
 m - a scroll of magic mapping
 p - a scroll of recharging
Potions
 f - 2 potions of cancellation
 j - a potion of brilliance
Books
 b - a book of Air

   Spells                             Type                      Level
   a - Shock                          Conjuration/Air              1
   b - Swiftness                      Charms/Air                   2
   c - Repel Missiles                 Charms/Air                   2
   d - Static Discharge               Conjuration/Air              3
   e - Lightning Bolt                 Conjuration/Air              5
 r - a book of Dreams

   Spells                             Type                      Level
   a - Ensorcelled Hibernation        Hexes/Ice                    2
   b - Silence                        Hexes/Air                    5
   c - Darkness                       Hexes                        6
   d - Shadow Creatures               Summoning                    6
Comestibles
 c - 3 bread rations
 h - 3 beef jerkies


   Skills:
 + Level 5.6 Fighting
 + Level 5.1 Long Blades
 - Level 2.5 Dodging
 - Level 3.1 Stealth
 + Level 3.9 Spellcasting
 - Level 1.1 Conjurations
 - Level 5.2 Air Magic


You had 5 spell levels left.
You knew the following spells:

 Your Spells              Type           Power        Failure   Level  Hunger
a - Shock                 Conj/Air       ###.         4%          1    None
b - Repel Missiles        Chrm/Air       ##....       10%         2    ##.....
c - Swiftness             Chrm/Air       ##......     10%         2    ##.....
d - Static Discharge      Conj/Air       ###.....     12%         3    ###....


Dungeon Overview and Level Annotations

Branches:
Dungeon (6/15)
 Temple: D:4-7

Altars:
Kikubaaqudgha
Qazlal


Message History

You are very lightly contaminated with residual magic.
Your hair stands on end.
The gnoll misses you. The gnoll closely misses you.
Casting: Static Discharge
Confirm with . or Enter, or press ? or * to list all spells.
You miscast Static Discharge.
Sparks fly from your hands! The gnoll barely misses you.
The gnoll closely misses you. The gnoll completely misses you.
Casting: Static Discharge
Confirm with . or Enter, or press ? or * to list all spells.
The gnoll is struck by lightning.
The gnoll explodes!
The fiery explosion engulfs the gnoll.
The gnoll explodes!
The fiery explosion engulfs the gnoll.
The gnoll is severely wounded.
The fiery explosion engulfs you!
Ouch! That really hurt!
You die...
Kikubaaqudgha rasps: "You have failed me!
Welcome... death!"

##.....## 8.....8
#.....# #8...8 ##_##
##### #..#
########### #.##
##.........#####@#
#............##ยงยง#
#.............#g##
..............g.#
#...............#
#..............##
#..............#
##.............#
#............##


You could see 2 gnolls.

Vanquished Creatures
  A two-headed ogre (D:4)
  2 howler monkeys (D:5)
  2 vampire bats (D:3)
  2 crimson imps
  An orc priest (D:3)
  A centaur skeleton (D:4)
  A giant frog skeleton (D:5)
  A hound (D:5)
  2 orc wizards
  An iguana (D:3)
  A worker ant (D:4)
  8 adders
  2 river rats (D:3)
  2 shadow imps
  An ooze (D:4)
  4 worms
  2 dart slugs (D:2)
  3 giant geckos
  14 orcs
  2 ball pythons
  5 bat skeletons (D:3)
  2 giant cockroaches
  8 goblins
  5 hobgoblins
  4 jackals (D:5)
  A quokka (D:3)
  11 bats
  A giant gecko skeleton (D:4)
  6 giant newts
  5 kobolds
  9 rats
110 creatures vanquished.

Vanquished Creatures (others)
  A human (D:4)
1 creature vanquished.

Grand Total: 111 creatures vanquished

Notes
Turn   | Place    | Note
--------------------------------------------------------------
     0 | D:1      | Lugonue the High Elf Air Elementalist began the quest for the Orb.
     0 | D:1      | Reached XP level 1. HP: 11/11 MP: 4/4
   272 | D:1      | Reached XP level 2. HP: 3/17 MP: 2/6
   933 | D:2      | Reached XP level 3. HP: 16/21 MP: 1/8
  1440 | D:2      | Learned a level 2 spell: Repel Missiles
  1443 | D:2      | Learned a level 2 spell: Swiftness
  1570 | D:2      | Reached XP level 4. HP: 15/27 MP: 3/10
  2164 | D:3      | Reached skill level 5 in Air Magic
  2268 | D:3      | Found a glowing drain.
  2423 | Sewer    | Entered a sewer
  2570 | Sewer    | HP: 1/27 [river rat (7)]
  2964 | D:3      | Reached skill level 1 in Fighting
  2964 | D:3      | Reached XP level 5. HP: 24/33 MP: 3/11
  3552 | D:3      | Found an ancient bone altar of Kikubaaqudgha.
  3577 | D:3      | Reached skill level 1 in Long Blades
  3577 | D:3      | Reached XP level 6. HP: 11/42 MP: 8/12
  3580 | D:3      | Became a worshipper of Kikubaaqudgha
  3972 | D:4      | Got an ancient robe
  3983 | D:4      | Identified the +2 robe "Zugre" {MR++ Stlth+} (You found it on level 4 of the Dungeon)
  3994 | D:4      | Found an ancient bone altar of Kikubaaqudgha.
  4049 | D:4      | Noticed a human
  4051 | D:4      | Killed a human
  4157 | D:4      | Noticed a two-headed ogre
  4296 | D:3      | Learned a level 3 spell: Static Discharge
  4353 | D:5      | Entered Level 5 of the Dungeon
  4744 | D:5      | Noticed a sky beast
  4831 | D:5      | Reached XP level 7. HP: 14/49 MP: 4/13
  5397 | D:4      | Killed a two-headed ogre
  5397 | D:4      | Reached skill level 5 in Fighting
  5397 | D:4      | Reached skill level 5 in Long Blades
  5584 | D:6      | Found a stormy altar of Qazlal.
  5709 | D:6      | Killed from afar by a gnoll

Vault maps used:
D:1:      minmay_arrival_shattered_statue
D:3:      kennysheep_vampire_church, portal_sewer_entry_b
D:4:      first_bread, tgw_kikubaaqudgha
D:6:      nicolae_overflow_hidden_temple, lemuel_crystal_altar,
          uniq_prince_ribbit1
Sewer:    sewer_minmay_treatment

Skill      XL: |  1  2  3  4  5  6  7 |
---------------+----------------------+-----
Air Magic      | 4 5 |  5.2
Spellcasting   | 3 |  3.9
Stealth        | 3 |  3.1
Fighting       | 1 3 4 5 |  5.6
Long Blades    | 1 3 5 |  5.1
Dodging        | |  2.5
Conjurations   | |  1.1

Action                   |  1- 3 |  4- 6 |  7- 9 || total
-------------------------+-------+-------+-------++-------
Melee: Dagger            |    79 |    66 |       ||   145
       Unarmed           |     2 |       |       ||     2
       Falchion          |       |   135 |       ||   135
       Long sword        |       |    21 |    33 ||    54
 Cast: Shock             |    51 |    92 |    24 ||   167
       Repel Missiles    |     1 |       |       ||     1
       Static Discharge  |       |     3 |     6 ||     9
Evoke: Wand              |       |       |     8 ||     8
  Use: Scroll            |     6 |     5 |     3 ||    14
       Potion            |       |     9 |       ||     9
 Stab: Sleeping          |     3 |     8 |       ||    11
       Distracted        |       |     1 |       ||     1
       Invisible         |       |     1 |       ||     1
  Eat: Bread ration      |     1 |       |       ||     1
       Meat ration       |       |     1 |     1 ||     2
       Chunk             |       |     3 |       ||     3
       Pizza             |       |     1 |       ||     1
Armor: Robe              |    34 |    76 |    15 ||   125
Dodge: Dodged            |   100 |   258 |    37 ||   395
